 Dungeon Crawl Stone Soup version 0.21.1-1-g345015f (webtiles) character file.

9223 diana the Grappler (level 11, -1/126 HPs)
             Began as a Demonspawn Gladiator on June 18, 2018.
             Was an Initiate of Ru.
             Slain by an unseen horror (2 damage)
             ... on level 11 of the Dungeon.
             The game lasted 00:23:33 (13911 turns).

diana the Grappler (Demonspawn Gladiator)          Turns: 13911, Time: 00:23:33

Health: -1/126     AC: 25    Str: 17    XL:     11   Next: 20%
Magic:  0/17       EV:  2    Int: 11    God:    Ru [......]
Gold:   626        SH:  0    Dex: 16    Spells: 17/18 levels left

rFire    + . .     SeeInvis .     - Unarmed
rCold    + . .     Gourm    .   (no shield)
rNeg     + + +     Faith    .   (armour currently unavailable)
rPois    +         Spirit   +   (helmet currently unavailable)
rElec    +         Reflect  .   (cloak currently unavailable)
rCorr    +         Harm     .   (gloves unavailable)
MR       .....     NoTele   +   (boots currently unavailable)
Stlth    ..........             q - amulet of guardian spirit
HPRegen  0.31/turn              I - ring of positive energy
MPRegen  0.15/turn              (no ring)

@: tree-form, resistant, hasted, very quick
A: clever 1, nightstalker 1, powered by pain 2, no stealth
a: Renounce Religion


You were on level 11 of the Dungeon.
You worshipped Ru.
Ru was noncommittal.
You were hungry.
You were a tree.
You visited 1 branch of the dungeon, and saw 11 of its levels.

You collected 626 gold pieces.

Inventory:

Hand Weapons
 f - a +0 hunting sling
Missiles
 i - 5 throwing nets (quivered)
Armour
 b - a +0 pair of boots (melded)
 j - a +0 plate armour
 o - a +2 helmet (melded)
 x - the cursed +1 ring mail of the Many Queens (melded) {+Inv}
   (You found it on level 8 of the Dungeon)

   It lets you turn invisible.
   It has a curse placed upon it.
Jewellery
 q - an amulet of guardian spirit (around neck)
 B - a cursed ring of flight
 D - an uncursed ring of ice
 I - a ring of positive energy (left branch)
Wands
 g - a wand of clouds (2)
 s - a wand of digging (15)
 y - a wand of paralysis (19)
 A - a wand of iceblast (10)
Scrolls
 a - 6 scrolls of teleportation
 c - 3 scrolls of magic mapping
 h - 2 scrolls of immolation
 n - 8 scrolls of remove curse {unknown}
 r - 4 scrolls of enchant armour {unknown}
 u - a scroll of fear {unknown}
 v - 2 scrolls of enchant weapon {unknown}
 C - a scroll of fog {unknown}
 F - a scroll of vulnerability {unknown}
 H - a scroll of noise {unknown}
Potions
 e - a potion of mutation
 p - 2 potions of flight
 G - a potion of haste
Books
 k - a book of Misfortune

   Spells                             Type                      Level
   a - Confusing Touch                Hexes                        1
   b - Confuse                        Hexes                        3
   c - Gell's Gravitas                Translocation                3
   d - Petrify                        Transmutation/Earth          4
   e - Metabolic Englaciation         Hexes/Ice                    5
   f - Yara's Violent Unravelling     Hexes/Transmutation          5
 t - a book of Summonings

   Spells                             Type                      Level
   a - Recall                         Summoning/Translocation      3
   b - Aura of Abjuration             Summoning                    5
   c - Summon Demon                   Summoning                    5
   d - Summon Forest                  Summoning/Translocation      5
   e - Summon Mana Viper              Hexes/Summoning              5
   f - Shadow Creatures               Summoning                    6
 E - a book of Minor Magic

   Spells                             Type                      Level
   a - Magic Dart                     Conjuration                  1
   b - Blink                          Translocation                2
   c - Call Imp                       Summoning                    2
   d - Slow                           Hexes                        2
   e - Conjure Flame                  Conjuration/Fire             3
   f - Mephitic Cloud                 Conjuration/Poison/Air       3
Comestibles
 d - 21 rations


   Skills:
 + Level 7.4 Fighting
 - Level 1.7 Throwing
 + Level 6.4 Armour
 + Level 7.2 Dodging
 * Level 9.8 Unarmed Combat
 + Level 4.3 Spellcasting
 + Level 4.9 Hexes


You had 17 spell levels left.
You knew the following spells:

 Your Spells              Type           Power        Failure   Level  Hunger
a - Confusing Touch       Hex            ##....       3%          1    #......


Dungeon Overview and Level Annotations

Branches:
Dungeon (11/15)            Temple (0/1) D:6            Lair (0/6) D:8
    Orc (0/2) D:10

Altars:
Cheibriados
Dithmenos
Fedhas
Hepliaklqana
Makhleb
Okawaru
Qazlal
Ru
Sif Muna
Trog
Uskayaw
Wu Jian
Xom
Yredelemnul
The Shining One

Annotations:
D:4 exclusion: oklob plant
D:5 Prince Ribbit
D:10 exclusion: ice statue


Innate Abilities, Weirdness & Mutations

((You have claws for hands.))
You are slightly more attuned to the shadows.
You sometimes gain power by taking damage.
You cannot be stealthy.
Your mind is acute. (Int +2)
((Your system is resistant to poisons. (rPois)))
((You are occasionally teleported next to monsters.))


Message History

You cannot move.
You miss something.
Something hits you but does no damage. x2
You cannot move.
You cannot move.
You cannot move.
You cannot move.
You cannot move.
You cannot move.
You cannot move.
You cannot move.
You cannot move.
You cannot move.
You swing at nothing.
Something hits you but does no damage.
You swing at nothing.
Something hits you but does no damage.
You swing at nothing.
Something hits you but does no damage.
You swing at nothing.
Something hits you but does no damage.
You swing at nothing.
Something hits you.
* * * LOW HITPOINT WARNING * * *
You swing at nothing.
Something hits you.
You die...

#..###.#.#.####
#......#.#.# #.####
#..#####.#.# #.....
#........#'## ######
....o# ##...## #
.##.#.###.....## ### # ..
..#.##.(.....## ##.###
#...##.#.........####...##
..o...)+.♣.......'........
#..o####.........####...##
.. ##.......## #..##
##.....## #.## ##...## #.#
##'## #.# #.# #.# ######.#
#.# #......##


There were no monsters in sight!

Vanquished Creatures
  2 two-headed ogres
  An unseen horror (D:11)
  The ghost of diana the Martial Artist, a novice DsGl (D:9)
  A manticore (D:11)
  The ghost of Ethylacetat the Poker, a novice DsMo of Hepliaklqana (D:5)
  A hornet (D:9)
  A hippogriff (D:9)
  Sigmund (D:5)
  10 yaks
  Grum (D:11)
  Menkaure (D:5)
  2 soldier ants (D:8)
  A water moccasin (D:9)
  3 orc warriors
  A black bear (D:9)
  An ice beast (D:8)
  3 phantoms
  3 wolves (D:11)
  2 ogres
  2 centaurs
  A big kobold (D:7)
  A gnoll sergeant (D:8)
  6 bullfrogs
  A wyvern skeleton (D:10)
  2 scorpions
  4 killer bees (D:9)
  7 wights (D:8)
  3 crimson imps
  A quasit (D:9)
  4 centaur skeletons
  5 hounds
  A gnoll shaman (D:3)
  3 orc priests
  5 orc wizards
  2 bullfrog skeletons
  An iguana (D:6)
  9 worker ants
  2 hound zombies
  A hound skeleton (D:4)
  Robin (D:4)
  A worker ant zombie (D:9)
  12 gnolls
  2 howler monkey skeletons
  3 adders
  A shadow imp (D:5)
  7 worms
  2 dart slugs
  9 leopard geckos
  23 orcs
  A ball python (D:2)
  2 giant cockroaches
  13 goblins
  7 hobgoblins
  10 jackals
  4 kobolds
  3 quokkas
  6 bats
  5 frilled lizards
  A leopard gecko skeleton (D:4)
  A leopard gecko zombie (D:9)
  A quokka skeleton (D:4)
  8 rats
  A spectral orc (D:5)
222 creatures vanquished.

Vanquished Creatures (others)
  A fungus (D:8)
1 creature vanquished.

Grand Total: 223 creatures vanquished

Notes
Turn   | Place    | Note
-------+----------+-------------------------------------------
     0 | D:1      | diana the Demonspawn Gladiator began the quest for the Orb.
     0 | D:1      | Reached XP level 1. HP: 16/16 MP: 1/1
   250 | D:1      | Gained mutation: You have sharp fingernails. [demonic ancestry]
   250 | D:1      | Reached XP level 2. HP: 11/22 MP: 2/2
   419 | D:1      | Reached skill level 3 in Unarmed Combat
  1149 | D:2      | Reached XP level 3. HP: 23/28 MP: 3/3
  1662 | D:2      | Reached skill level 1 in Armour
  2115 | D:3      | Reached XP level 4. HP: 23/34 MP: 4/4
  2371 | D:3      | Found a sacrificial altar of Ru.
  2377 | D:3      | Became a worshipper of Ru the Awakened
  3075 | D:3      | Gained mutation: You have very sharp fingernails. [demonic ancestry]
  3075 | D:3      | Reached XP level 5. HP: 10/40 MP: 5/5
  3317 | D:4      | Reached skill level 4 in Unarmed Combat
  3358 | D:4      | Found a burning altar of Makhleb.
  3396 | D:4      | Noticed Robin
  3638 | D:4      | Killed Robin
  3709 | D:4      | Reached XP level 6. HP: 43/47 MP: 6/6
  4010 | D:4      | Found a blossoming altar of Fedhas.
  4023 | D:4      | Noticed an oklob plant
  4039 | D:4      | Gained mutation: You cannot be stealthy. [Ru sacrifice]
  4784 | D:5      | Entered Level 5 of the Dungeon
  4906 | D:5      | Noticed Prince Ribbit
  5013 | D:5      | Noticed Sigmund
  5086 | D:5      | Killed Sigmund
  5086 | D:5      | Reached skill level 5 in Unarmed Combat
  5086 | D:5      | Gained mutation: You sometimes gain a little power by taking damage. [demonic ancestry]
  5086 | D:5      | Reached XP level 7. HP: 46/53 MP: 7/7
  5238 | D:5      | Noticed Menkaure
  5245 | D:5      | Killed Menkaure
  5420 | D:5      | Found a deep blue altar of Sif Muna.
  5545 | D:5      | Noticed Ethylacetat's ghost (novice DsMo)
  5564 | D:5      | Killed Ethylacetat's ghost
  5564 | D:5      | Reached skill level 6 in Unarmed Combat
  5564 | D:5      | Gained mutation: You have claws for hands. [demonic ancestry]
  5564 | D:5      | Reached XP level 8. HP: 20/61 MP: 8/8
  5965 | D:5      | Found a basalt altar of Yredelemnul.
  6013 | D:6      | Found a staircase to the Ecumenical Temple.
  6292 | D:6      | Found an ornate altar of the Wu Jian Council.
  6294 | D:6      | Found a burning altar of Makhleb.
  6294 | D:6      | Found a sparkling altar of Nemelex Xobeh.
  6296 | D:6      | Found a burning altar of Makhleb.
  6296 | D:6      | Found a shimmering altar of Xom.
  6296 | D:6      | Found a hide-covered altar of Uskayaw.
  6465 | D:6      | Reached skill level 5 in Fighting
  6465 | D:6      | Reached skill level 5 in Dodging
  7015 | D:7      | Found a hazy altar of Hepliaklqana.
  7189 | D:7      | Found a shadowy altar of Dithmenos.
  7288 | D:7      | Found an ornate altar of the Wu Jian Council.
  7288 | D:7      | Found an iron altar of Okawaru.
  8028 | D:8      | Reached skill level 7 in Unarmed Combat
  8335 | D:8      | Noticed a dagger
  8335 | D:8      | Noticed a dagger
  8337 | D:8      | Found a hide-covered altar of Uskayaw.
  8378 | D:8      | Found a glowing golden altar of the Shining One.
  8473 | D:8      | Learned a level 1 spell: Confusing Touch
  8492 | D:8      | Found a staircase to the Lair.
  8512 | D:8      | Reached XP level 9. HP: 68/68 MP: 9/9
  8540 | D:8      | Got a heavily runed ring mail
  8551 | D:8      | Identified the cursed +1 ring mail of the Many Queens {+Inv} (You found it on level 8 of the Dungeon)
  8665 | D:8      | Found a snail-covered altar of Cheibriados.
  8738 | D:8      | Noticed a five-headed hydra
  8886 | D:8      | Found a stormy altar of Qazlal.
  8898 | D:8      | Reached skill level 1 in Hexes
  8917 | D:8      | Reached skill level 1 in Spellcasting
  9583 | D:9      | Reached skill level 5 in Armour
  9696 | D:9      | Reached skill level 8 in Unarmed Combat
  9909 | D:9      | Found a bloodstained altar of Trog.
  9909 | D:9      | Noticed a two-headed ogre
  9920 | D:9      | Killed a two-headed ogre
  9920 | D:9      | Gained mutation: You sometimes gain power by taking damage. [demonic ancestry]
  9920 | D:9      | Reached XP level 10. HP: 50/77 MP: 13/13
 10395 | D:9      | Paralysed by a hornet for 3 turns
 10830 | D:9      | Noticed diana's ghost (novice DsGl)
 11424 | D:9      | Killed diana's ghost
 11424 | D:9      | Reached skill level 9 in Unarmed Combat
 11724 | D:10     | Entered Level 10 of the Dungeon
 11728 | D:10     | Noticed an ice statue
 11787 | D:10     | Found a staircase to the Orcish Mines.
 11886 | D:10     | Found a hide-covered altar of Uskayaw.
 12515 | D:11     | Noticed a manticore
 12532 | D:11     | Killed a manticore
 12656 | D:11     | Noticed a two-headed ogre
 12998 | D:10     | HP: 3/79 [two-headed ogre/giant club (6)]
 13348 | D:10     | Killed a two-headed ogre
 13348 | D:10     | Gained mutation: You are slightly more attuned to the shadows. [demonic ancestry]
 13348 | D:10     | Reached XP level 11. HP: 65/84 MP: 10/17
 13472 | D:11     | Noticed Grum
 13496 | D:11     | Killed Grum
 13810 | D:11     | Killed an unseen horror
 13885 | D:11     | Gained mutation: Your system is resistant to poisons. (rPois) [potion of mutation]
 13885 | D:11     | Gained mutation: You are occasionally teleported next to monsters. [potion of mutation]
 13885 | D:11     | Gained mutation: Your mind is acute. (Int +2) [potion of mutation]
 13901 | D:11     | HP: 3/84 [something (4)]
 13910 | D:11     | HP: 1/126 [something (2)]
 13911 | D:11     | Slain by an unseen horror

Skill      XL: |  1  2  3  4  5  6  7  8  9 10 |
---------------+-------------------------------+-----
Unarmed Combat | 3 4 5 6 7 8 9 |  9.8
Dodging        | 3 4 5 6 7 |  7.2
Armour         | 1 2 3 4 5 6 |  6.4
Fighting       | 3 4 5 6 7 |  7.4
Hexes          | 2 4 |  4.9
Spellcasting   | 2 4 |  4.3
Throwing       | |  1.7

Action                   |  1- 3 |  4- 6 |  7- 9 | 10-12 || total
-------------------------+-------+-------+-------+-------++-------
Melee: Unarmed           |   189 |   224 |   285 |   347 ||  1045
       Punch             |       |     7 |     7 |    22 ||    36
Throw: Throwing net      |       |     3 |       |     1 ||     4
 Cast: Confusing Touch   |       |       |       |     8 ||     8
Invok: Sacrifice Stealth |       |     1 |       |       ||     1
       Reject Sacrifices |       |       |     1 |       ||     1
Evoke: Wand              |       |       |     2 |     3 ||     5
  Use: Potion            |     1 |     5 |     3 |    10 ||    19
       Scroll            |       |       |       |     9 ||     9
 Stab: Held in net/web   |       |     3 |       |       ||     3
       Paralysed         |       |       |     4 |       ||     4
       Confused          |       |       |       |     6 ||     6
  Eat: Chunk             |     3 |     7 |     8 |     6 ||    24
       Ration            |       |     1 |     2 |     2 ||     5
Armor: Leather armour    |    20 |       |       |       ||    20
       Ring mail         |    45 |    68 |    84 |   127 ||   324
       Skin              |       |       |       |     9 ||     9
Dodge: Dodged            |   154 |   165 |   173 |   193 ||   685
